 Seeded DCSS version 0.27-a0-562-g0d39f094a4 (webtiles) character file.

Game seed: 16989952797484863983 (custom seed)

6585 karrick the Cleaver (level 10, 0/88 HPs)
             Began as a Minotaur Fighter on Mar 8, 2021.
             Was an Elder of Okawaru.
             Killed from afar by an electric eel (6 damage)
             ... with a bolt of electricity
             ... on level 10 of the Dungeon.
             The game lasted 00:11:29 (8230 turns).

karrick the Cleaver (Minotaur Fighter)              Turns: 8230, Time: 00:11:29

Health: 0/88       AC: 20    Str: 21    XL:     10   Next: 71%
Magic:  9/9        EV:  3    Int:  6    God:    Okawaru [****..]
Gold:   499        SH: 12    Dex: 18    Spells: 9/9 levels left

rFire    + + .     SeeInvis .   a - +0 war axe
rCold    + . .     Faith    .   c - +0 kite shield
rNeg     . . .     Spirit   .   h - +0 gold dragon scales
rPois    +         Reflect  .   (helmet restricted)
rElec    .         Harm     .   f - +0 cloak
rCorr    .         Rampage  .   D - +0 pair of gloves
Will     .....                  (no boots)
Stlth    ..........             (no amulet)
HPRegen  0.24/turn              o - ring of protection from fire
MPRegen  0.11/turn              r - +6 ring of dexterity

@: no status effects
A: horns 2, retaliatory headbutt
a: Renounce Religion, Heroism


You were on level 10 of the Dungeon.
You worshipped Okawaru.
Okawaru was greatly pleased with you.
You visited 2 branches of the dungeon, and saw 11 of its levels.

You collected 499 gold pieces.

Inventory:

Hand Weapons
 a - a +0 war axe (weapon)
 s - a +5 hand axe
Missiles
 v - 4 silver javelins (quivered)
Armour
 b - a +0 scale mail
 c - a +0 kite shield (worn)
 f - a +0 cloak (worn)
 h - +0 gold dragon scales (worn)
 D - a +0 pair of gloves (worn)
 G - a scarf of invisibility
Jewellery
 o - a ring of protection from fire (left hand)
 r - a +6 ring of dexterity (right hand)
 C - a ring of flight
 E - a ring of magical power
 K - a +6 ring of dexterity
Wands
 m - a wand of flame (33)
 u - a wand of mindburst (5)
 H - a wand of paralysis (13)
 I - a wand of charming (9)
 J - a wand of random effects (25)
Scrolls
 e - 2 scrolls of enchant weapon {unknown}
 g - 2 scrolls of immolation {unknown}
 k - a scroll of fog {unknown}
 l - 5 scrolls of identify
 p - 3 scrolls of enchant armour {unknown}
 t - 4 scrolls of teleportation
 w - a scroll of blinking {unknown}
 y - 2 scrolls of random uselessness {unknown}
 A - a scroll of magic mapping {unknown}
Potions
 d - 2 potions of might
 i - a potion of cancellation {unknown}
 j - 2 potions of attraction {unknown}
 n - 2 potions of mutation {unknown}
 q - 4 potions of curing {unknown}
 x - 3 potions of flight {unknown}
 z - 3 potions of brilliance {unknown}
 B - a potion of degeneration {unknown}
 F - 2 potions of berserk rage {unknown}


   Skills:
 + Level 8.2 Fighting
 + Level 12.3 Axes
 * Level 10.7 Armour
 + Level 0.2 Dodging
 + Level 9.3 Shields


You had 9 spell levels left.
You didn't know any spells.
Your spell library contained the following spells:

 Spells                   Type           Power      Damage    Failure   Level
 Animate Skeleton         Necr           0%         N/A       100%        1
 Apportation              Tloc           0%         N/A       100%        1
 Corona                   Hex            0%         N/A       100%        1
 Magic Dart               Conj           0%         1d3       100%        1
 Summon Small Mammal      Summ           0%         N/A       100%        1
 Blink                    Tloc           N/A        N/A       100%        2
 Call Imp                 Summ           0%         N/A       100%        2
 Slow                     Hex            0%         N/A       100%        2
 Conjure Flame            Conj/Fire      0%         6-21      100%        3
 Mephitic Cloud           Conj/Pois/Air  0%         N/A       100%        3


Dungeon Overview and Level Annotations

Branches:
Dungeon (10/15)            Temple (1/1) D:7            Lair (0/6) D:10
    Orc: D:9-12

Altars:
Ashenzari
Cheibriados
Dithmenos
Elyvilon
Fedhas
Hepliaklqana
Kikubaaqudgha
Makhleb
Nemelex Xobeh
Okawaru
Qazlal
Ru
Sif Muna
Trog
Uskayaw
Vehumet
Wu Jian
Xom
Yredelemnul
Zin
The Shining One

Shops:
D:6 :


Innate Abilities, Weirdness & Mutations

You have a pair of horns on your head.
You reflexively headbutt those who attack you in melee.


Message History

The electric eel shoots out a bolt of lightning at you!
The bolt of electricity hits you.
You enter the shallow water.
Moving in this stuff is going to be slow.
The electric eel shoots out a bolt of lightning at you!
The bolt of electricity hits you.
The electric eel shoots out a bolt of lightning at you!
The bolt of electricity hits you.
The electric eel shoots out a bolt of lightning at you!
The bolt of electricity hits you!
You are too injured to fight recklessly!
You are too injured to fight recklessly!
You are too injured to fight recklessly!
The electric eel shoots out a bolt of lightning at you!
The bolt of electricity misses the electric eel.
The bolt of electricity hits you but does no damage.
You slash the electric eel!
The electric eel is severely wounded.
You barely miss the orc zombie. The orc zombie barely misses you.
You furiously retaliate!
You headbutt the orc zombie.
Your shield and gold dragon scales prevent you from hitting the electric eel.
The electric eel is severely wounded.
You slash the orc zombie!
You destroy the orc zombie!
The electric eel shoots out a bolt of lightning at you!
The bolt of electricity hits the electric eel.
The electric eel completely resists.
The bolt of electricity hits you!
You closely miss the electric eel. You headbutt the electric eel.
You kill the electric eel!
Okawaru accepts your kill.
The electric eel shoots out a bolt of lightning at you!
The bolt of electricity hits you!
* * * LOW HITPOINT WARNING * * *
Unknown command.
The electric eel shoots out a bolt of lightning at you!
The bolt of electricity hits you!
* * * LOW HITPOINT WARNING * * *
The electric eel shoots out a bolt of lightning at you!
The bolt of electricity hits you.
You die...

.....'.).#.........#
.....#####.........#
.....# #.........#
###### ######.####
##.# #..# #######
#.## #.......# ##
#####'#######.#.#.#.+
..
#.....(@.........≈...
..
#.........≈≈..≈.≈....
..
#........(.≈..;≈≈.≈≈.
≈≈
#..........≈≈≈≈≈≈≈≈≈≈
≈≈
#........≈≈.≈≈≈≈.≈≈≈≈
≈≈
#..........≈≈≈(.≈...≈
≈≈
#.......≈≈≈.≈≈≈.).≈≈.
≈;
######....≈≈≈≈..>....
.. #...≈≈≈≈≈≈....≈≈
≈h


You could see an electric eel.

Vanquished Creatures
  Erolcha (D:9)
  A two-headed ogre (D:10)
  A centaur skeleton (D:10)
  A troll (D:10)
  Prince Ribbit (D:7)
  Sigmund (D:5)
  A shadow (D:10)
  Eustachio (D:4)
  2 two-headed ogre zombies (D:10)
  3 ice beasts
  An orc warrior (D:7)
  5 sky beasts
  4 ogres
  A necrophage (D:7)
  5 wolves (D:10)
  2 centaurs
  4 phantoms
  A bullfrog (D:7)
  A troll zombie (D:10)
  2 scorpions
  3 howler monkeys
  3 wights (D:9)
  2 electric eels (D:10)
  8 hounds
  A quasit (D:8)
  2 orc priests
  4 jellies
  Jessica (D:2)
  An iguana (D:8)
  6 orc wizards
  Natasha (twice) (D:2)
  4 worker ants
  4 ogre zombies (D:10)
  A howler monkey zombie (D:7)
  Robin (D:2)
  11 adders
  8 river rats (D:5)
  3 shadow imps
  3 ufetubi
  An ooze (D:3)
  An adder skeleton (D:4)
  3 worms
  3 dart slugs
  3 leopard geckos
  19 orcs
  3 giant cockroaches
  14 goblins
  7 hobgoblins
  11 jackals
  7 quokkas
  A ball python skeleton (D:4)
  4 bats
  2 frilled lizards (D:1)
  A goblin skeleton (D:10)
  A goblin zombie (D:10)
  2 hobgoblin zombies (D:10)
  A jackal skeleton (D:4)
  4 kobolds
  An orc skeleton (D:10)
  15 orc zombies (D:10)
  22 rats
233 creatures vanquished.

Notes
Turn   | Place    | Note
-------+----------+-------------------------------------------
     0 | D:1      | karrick the Minotaur Fighter began the quest for the Orb.
     0 | D:1      | Reached XP level 1. HP: 19/19 MP: 0/0
   266 | D:1      | Reached XP level 2. HP: 27/27 MP: 1/1
   862 | D:1      | Found a sparkling altar of Nemelex Xobeh.
  1064 | D:2      | Noticed Jessica
  1064 | D:2      | Noticed Robin
  1066 | D:2      | Reached XP level 3. HP: 33/33 MP: 2/2
  1077 | D:1      | Reached skill level 3 in Axes
  1117 | D:2      | Killed Robin
  1120 | D:2      | Killed Jessica
  1121 | D:2      | Reached XP level 4. HP: 33/40 MP: 3/3
  1442 | D:2      | Found a faded altar of an unknown god.
  1672 | D:2      | Noticed Natasha
  1682 | D:2      | Killed Natasha
  1683 | D:2      | Reached skill level 4 in Axes
  1683 | D:2      | Reached XP level 5. HP: 27/46 MP: 4/4
  1932 | D:2      | Noticed Natasha
  1940 | D:2      | Killed Natasha
  2436 | D:3      | Reached skill level 5 in Armour
  3000 | D:4      | Noticed Eustachio
  3012 | D:4      | Killed Eustachio
  3013 | D:4      | Reached skill level 5 in Axes
  3013 | D:4      | Reached skill level 5 in Shields
  3013 | D:4      | Reached XP level 6. HP: 50/52 MP: 5/5
  3464 | D:5      | Entered Level 5 of the Dungeon
  3471 | D:5      | Noticed Sigmund
  3474 | D:5      | Noticed a sky beast
  3494 | D:5      | Killed Sigmund
  3495 | D:5      | Reached skill level 6 in Axes
  3495 | D:5      | Reached XP level 7. HP: 57/60 MP: 6/6
  3534 | D:5      | Found a shimmering altar of Xom.
  3595 | D:5      | Reached skill level 7 in Axes
  3747 | D:5      | Reached XP level 8. HP: 47/67 MP: 7/7
  3899 | D:5      | Found a shadowy altar of Dithmenos.
  3951 | D:5      | Reached skill level 5 in Fighting
  4288 | D:5      | Found a glowing silver altar of Zin.
  4422 | D:6      | Reached skill level 8 in Axes
  4593 | D:6      | Found Bolemuum's Book Emporium.
  4875 | D:6      | Found a stormy altar of Qazlal.
  4931 | D:6      | Found an ornate altar of the Wu Jian Council.
  5139 | D:6      | Found a hazy altar of Hepliaklqana.
  5163 | D:6      | Reached skill level 9 in Axes
  5316 | D:7      | Found a staircase to the Ecumenical Temple.
  5465 | Temple   | Entered the Ecumenical Temple
  5731 | Temple   | Became a worshipper of Warmaster Okawaru
  5815 | D:7      | Reached XP level 9. HP: 69/75 MP: 8/8
  6073 | D:7      | Noticed Prince Ribbit
  6081 | D:7      | Killed Prince Ribbit
  6364 | D:7      | Reached * piety under Okawaru
  6438 | D:7      | Reached skill level 10 in Axes
  6942 | D:8      | Found a bloodstained altar of Trog.
  7221 | D:9      | Noticed Erolcha
  7238 | D:9      | Killed Erolcha
  7238 | D:9      | Reached ** piety under Okawaru
  7239 | D:9      | Reached skill level 11 in Axes
  7415 | D:9      | Reached XP level 10. HP: 86/86 MP: 9/9
  7469 | D:9      | Noticed a four-headed hydra
  7488 | D:10     | Entered Level 10 of the Dungeon
  7529 | D:10     | Reached *** piety under Okawaru
  7594 | D:10     | Reached skill level 10 in Armour
  7623 | D:10     | Reached **** piety under Okawaru
  7635 | D:10     | Noticed a two-headed ogre
  7645 | D:10     | HP: 1/88 [two-headed ogre/+0 giant spiked club (14)]
  7653 | D:10     | Killed a two-headed ogre
  7653 | D:10     | Received a gift from Okawaru
  7654 | D:10     | Reached skill level 12 in Axes
  7936 | D:10     | Received a gift from Okawaru
  8099 | D:10     | Found a staircase to the Lair.
  8230 | D:10     | Killed from afar by an electric eel

Illustrated notes

Levels and vault maps discovered:
D:1:      nzn_arrival_depleted_hourglass, layout_basic, serial_forest,
          infiniplex_forest_straight_2, infiniplex_forest_lined_room_2,
          infiniplex_forest_clump_medium, infiniplex_forest_end_2,
          infiniplex_forest_diagonal, infiniplex_forest_end_double,
          infiniplex_forest_join, infiniplex_forest_corner_2, roderic_lattice_a,
          nemelex_diamond_rough_becter
D:2:      layout_basic, chequers_ecumenical_altar_simple_redux, minivault_19,
          uniq_natasha, uniq_jessica, uniq_robin
D:3:      layout_loops_ring
D:4:      layout_rooms, uniq_eustachio
D:5:      lemuel_ratsnest, layout_cave_pools, nicolae_dithmenos_shadow_blocks,
          zin_statuary, lemuel_altar_in_water, uniq_sigmund
D:6:      layout_loops_ring, lemuel_round_altar, general_overflow_altar,
          nicolae_wu_jian_immortal_techniques, serial_shops, shop, minmay_holes,
          minmay_misc_feat_encased, kennysheep_potato
D:7:      layout_gridville, nicolae_overflow_hidden_temple,
          minmay_temple_entry_statues, uniq_prince_ribbit1
D:8:      layout_rooms, kennysheep_mini
D:9:      layout_stronghold, uniq_erolcha
D:10:     layout_roguey, erik_lair_island, zombieorc2_lemuel
Temple:   regret_index_temple_generic_petals

Skill      XL: |  1  2  3  4  5  6  7  8  9 10 |
---------------+-------------------------------+-----
Armour         | 4 5 6 7 8 9 10 | 10.7
Axes           | 3 4 5 6 7 9 11 12 | 12.3
Shields        | 4 5 6 7 8 9 |  9.3
Fighting       | 4 6 7 8 |  8.2
Dodging        | |  0.2

Action                   |  1- 3 |  4- 6 |  7- 9 | 10-12 || total
-------------------------+-------+-------+-------+-------++-------
Melee: War axe           |    78 |   189 |   279 |   138 ||   684
       Headbutt          |     9 |    34 |    64 |    43 ||   150
  Use: Scroll            |       |       |       |     2 ||     2
       Potion            |       |       |       |     2 ||     2
Armor: Scale mail        |    36 |     3 |       |       ||    39
       Gold dragon scale |       |   163 |   175 |   121 ||   459
Dodge: Dodged            |    26 |    13 |    23 |    28 ||    90
Block: Kite shield       |    64 |   118 |   131 |   101 ||   414

Table legend: (Time is in decaauts)
 A = Elapsed time spent in this place.
 B = Non-inter-level travel time spent in this place.
 C = Inter-level travel time spent in this place.
 D = Time resting spent in this place.
 E = Time spent auto-exploring this place.
 F = Levels seen in this place.
 G = Mean time per level.
                   A        B        C        D        E       F      G
               +--------+--------+--------+--------+--------+-----+--------+
         Total |   8446 |   8180 |    266 |    241 |   6427 |  11 |  767.8 |
       Dungeon |   8161 |   7945 |    216 |    241 |   6198 |  10 |  816.1 |
        Temple |    285 |    235 |     50 |      0 |    229 |   1 |  285.0 |
               +--------+--------+--------+--------+--------+-----+--------+

Top non-repeatable levels by time:
     D:2: 1203 daAuts
     D:1: 1139 daAuts
     D:7: 1012 daAuts
     D:5: 957 daAuts
     D:6: 898 daAuts
    D:10: 750 daAuts
     D:3: 743 daAuts
     D:4: 514 daAuts
     D:8: 502 daAuts
     D:9: 439 daAuts
  Temple: 285 daAuts
